[Event "*** Titled Tuesday Blitz"]
[Site "Chess.com"]
[Date "2020.11.24"]
[Round "4"]
[White "Ashedu66"]
[Black "DishonorOnYourCow"]
[Result "0-1"]
[WhiteElo "2243"]
[BlackElo "2441"]
[TimeControl "180+1"]
[EndTime "10:56:23 PST"]
[Termination "DishonorOnYourCow won on time"]

1. d4 Nf6 2. Nf3 g6 3. c4 Bg7 4.
Nc3 d5 5. Bf4 O-O 6. Rc1 Be6 7.
cxd5 Nxd5 8. Be5 Nxc3 9. Rxc3 c6 10. Bxg7 Kxg7 11. a3 Qd5 12. Qd2 Nd7 13. e3 Bg4 14. Be2 Nf6 15. Qd1 Ne4 16. Rd3 Rad8 17. O-O Rfe8 18. Re1 Nf6 19. Ne5 Bf5 20. Rb3 b5 21.
Bf3 Be4 22. Bxe4 Nxe4 23. Qc2 Rc8 24. Nd3 a6 25. Rc1 a5 26. f3 Nd6 27. Rc3 Nc4 28. Nc5 a4 29. Qf2 e5 30. e4 Qxd4 31. Na6 Qxf2+ 32.
Kxf2 Rcd8 33. Nb4 Rd2+ 34. Kg1 Rxb2 35. Nxc6 Rc8 36. Na5 Ra2 37. Nxc4 bxc4 38. Rxc4 Rxc4 39. Rxc4 Rxa3 40. Rc7 Ra2 41. Ra7 h5 42. h4 a3 43.
Kh2 Kf6 44. Kg3 Ra1 45. Ra6+ Ke7 46. Ra7+ Ke6 47. Ra6+ Ke7 48. Ra7+ Kf6 49. Ra6+ Kg7 50. Ra5 a2 51. Kf2 Kf6 52. Kg3 Ke6 53. Ra6+ Kd7 54.
Ra7+ Kc6 55. Ra3 Kc5 56. Ra8 Kd4 57. Rd8+ Ke3 58. Ra8 Ke2 59. Ra4 Kd3 60. Ra8 f5 0-1

[Event "*** Titled Tuesday Blitz"]
[Site "Chess.com"]
[Date "2020.11.24"]
[Round "4"]
[White "cstevens1"]
[Black "grzechu96"]
[Result "1-0"]
[WhiteElo "2586"]
[BlackElo "2685"]
[TimeControl "180+1"]
[EndTime "10:56:24 PST"]
[Termination "cstevens1 won on time"]

1. e4 c5 2. Nf3 d6 3. d4 cxd4 4. Nxd4 a6 5. f3 e6 6. c4 Nf6 7.
Nc3 Be7 8. Be3 O-O 9. Qd2 b6 10. Be2 Bb7 11. O-O Nbd7 12. Rfc1 Rc8 13. Bf1 Qc7 14. a4 Rb8 15. b4 Rfc8 16. Nb3 d5 17.
exd5 Bxb4 18. dxe6 fxe6 19. Qf2 Bd6 20. Qh4 Ne5 21.
a5 bxa5 22. Nd4 Bc5 23. Kh1 Ng6 24. Qf2 e5 25. Nf5 Bxe3 26. Qxe3 e4 27. fxe4 Qe5 28. Qd4 Qxd4 29. Nxd4 Nxe4 30. Nxe4 Bxe4 31. Rxa5 Nf4 32.
Ra2 Rb4 33. Kg1 Bd3 34. Rxa6 Bxf1 35. Rxf1 Rcxc4 36. Rxf4 h6 37. Rd6 Kh7 38. h3 Ra4 39. Rd7 Rcb4 40. Kh2 h5 41. Re4 Rc4 42. Rd5 Rcb4 43.
Rxh5+ Kg6 44. Rd5 Kf7 45. Rg4 Rc4 46. Rd7+ Ke8 47. Rd5 Kf7 48. h4 Rcb4 49. h5 Rc4 50. Kh3 Rcb4 51. Kh4 Rc4 52. g3 Ra1 53. Kg5 Raa4 54.
Rf4+ Kg8 55. g4 Kh7 56. Re4 Ra6 57. Rd7 Ra5+ 58. Kf4 Rd5 59. Rxd5 1-0

[Event "*** Titled Tuesday Blitz"]
[Site "Chess.com"]
[Date "2020.11.24"]
[Round "4"]
[White "dopolian"]
[Black "Pelopidass"]
[Result "1-0"]
[WhiteElo "2423"]
[BlackElo "2574"]
[TimeControl "180+1"]
[EndTime "10:56:24 PST"]
[Termination "dopolian won by checkmate"]

1. e4 c5 2. Nf3 d6 3. d4 cxd4 4.
Nxd4 Nf6 5. Nc3 a6 6. h3 e5 7. Nde2 Be7 8. g4 Be6 9. Bg2 Nbd7 10. O-O Nb6 11. b3 Rc8 12. a4 O-O 13. Be3 d5 14. a5 d4 15. axb6 dxe3 16. Qxd8 exf2+ 17. Kxf2 Bxd8 18. Rfd1 Bxb6+ 19. Kf1 h6 20. Rd3 Rfd8 21. Rad1 Rxd3 22. Rxd3 Kf8 23. Na4 Ba7 24. c4 b5 25.
cxb5 axb5 26. Nac3 b4 27. Nd5 Bxd5 28. exd5 e4 29.
Rd1 Rc2 30. d6 Ke8 31. d7+ Kd8 32. Nd4 Bxd4 33. Rxd4 Rc3 34. Rxb4 Kxd7 35. Rb7+ Ke6 36. b4 Rc4 37. b5 Nd5 38. Rb8 Ke5 39. Rf8 f6 40. Rb8 Kf4 41. b6 Rc1+ 42. Kf2 e3+ 43.
Ke2 Rc2+ 44. Kf1 Nc3 45. Kg1 e2 46. Re8 Rc1+ 47. Kf2 e1=Q+ 48. Rxe1 Rc2+ 49. Kg1 Ne2+ 50. Kh2 Rb2 51. b7 Nc3 52. Rf1+ Kg5 53. Rf5+ Kg6 54. Rc5 Na4 55. Rc8 Rb3 56. b8=Q Rxb8 57. Rxb8 Nc3 58. Rb3 Nd1 59. Be4+ Kg5 60. Rb5+ Kh4 61. Rh5# 1-0

[Event "*** Titled Tuesday Blitz"]
[Site "Chess.com"]
[Date "2020.11.24"]
[Round "4"]
[White "Euwe1234"]
[Black "zaur-mammadov"]
[Result "1/2-1/2"]
[WhiteElo "2489"]
[BlackElo "2653"]
[TimeControl "180+1"]
[EndTime "10:56:25 PST"]
[Termination "Game drawn by repetition"]

1. e4 e6 2. d4 d5 3. Nc3 Nf6 4. Bg5 Be7 5. e5 Nfd7 6. h4 O-O 7. Qg4 f6 8. Qxe6+ Kh8 9. exf6 Nxf6 10. Qe2 Bb4 11.
O-O-O Bxc3 12. bxc3 Qd6 13. f3 Re8 14. Qd2 Nbd7 15.
Bd3 Nb6 16. Kb1 Na4 17. Ka1 Qa3 18. Rb1 Nxc3 19. Rb2 Nh5 20. Ne2 Nxe2 21. Bxe2 Ng3 22.
Re1 Nxe2 23. Rxe2 Bf5 24. Bf4 b6 25. Be5 Qe7 26. h5 Kg8 27. g4 Bd7 28. h6 g6 29.
Rb1 c6 30. Rbe1 Qf7 31. Re3 a5 32. g5 Bf5 33. Bf6 Rxe3 34. Rxe3 Re8 35. Qe1 Rxe3 36. Qxe3 Qe6 37. Qxe6+ Bxe6 38. Bd8 b5 39. Bxa5 Bf5 40.
Kb2 Kf7 41. Bc7 Ke6 42. Be5 Bh3 43. c3 Kf5 44. f4 Ke4 45. Ka3 Kf5 46. Kb4 Ke6 47. Kc5 Kd7 48. Kb6 Bf5 49. a3 Bb1 50. Ka5 Bf5 51. a4 bxa4 52. Kxa4 Bd3 53. Ka5 Bf5 54.
Kb6 Bd3 55. Kc5 Bf5 56. c4 dxc4 57. Kxc4 Be6+ 58. Kc5 Bf5 59. d5 cxd5 60. Kxd5 Be6+ 61. Kc5 Bf5 62. Bf6 Be6 63. Kd4 Bf5 64. Ke5 Be6 65.
Bh8 Ke7 66. Bg7 Kf7 67. Bf8 Bf5 68. Bc5 Bc2 69. Bd4 Bb1 70. Kd6 Bf5 71. Ke5 Bb1 72.
Kd6 Be4 73. Ke5 Bc2 74. Kd6 Bf5 75. Ke5 Bb1 1/2-1/2

[Event "*** Titled Tuesday Blitz"]
[Site "Chess.com"]
[Date "2020.11.24"]
[Round "4"]
[White "nitpicker"]
[Black "yobdc"]
[Result "0-1"]
[WhiteElo "2279"]
[BlackElo "2454"]
[TimeControl "180+1"]
[EndTime "10:56:26 PST"]
[Termination "yobdc won by resignation"]

1. d4 g6 2. e4 Bg7 3. Nc3 d6 4. h3 a6 5. a4 Nc6 6. Nge2 Nf6 7. Be3 O-O 8. g4 e5 9. Bg2 exd4 10. Nxd4 Nxd4 11. Bxd4 Re8 12. O-O Bd7 13. Re1 Bc6 14. Qd3 Nd7 15. Bxg7 Kxg7 16. Nd5 Bxd5 17. Qxd5 Rb8 18.
g5 Re5 19. Qd4 Qxg5 20. Ra3 Kg8 21. Rg3 Qf4 22. Rg4 Qf6 23. f4 Re7 24. Qc4 c6 25. Rf1 Qxb2 26. c3 Qb6+ 27. Kh2 Qc5 28. Qd3 Rbe8 29. h4 Nf6 30. Rg5 Qa3 31. e5 dxe5 32. fxe5 Nd7 33. e6 Nf8 34. exf7+ Rxf7 35. Rxf7 Kxf7 36. h5 Qe7 37. hxg6+ hxg6 38. Rg3 Kg7 39. Rh3 Qe5+ 40. Rg3 Re7 41. Bf3 Rd7 42. Qc2 Qe1 43.
Rg2 Qe5+ 44. Rg3 Qe1 45. Rg2 Qh4+ 46. Kg1 Re7 47. Rf2 Qg3+ 48. Bg2 Re1+ 49. Rf1 Qe3+ 50. Kh2 Rxf1 51. Bxf1 Qf4+ 52. Kg2 Nd7 53. Bd3 Ne5 54. Be4 Qg4+ 55. Kf2 Qf4+ 56. Kg2 Nc4 57. Qd3 Ne3+ 58. Kg1 Qg3+ 59. Kh1 Ng4 60. Qd7+ Kh6 61. Qd2+ Qe3 62. Qg2 Qxe4 63. Qxe4 Nf2+ 64. Kg2 Nxe4 65. Kf3 Nxc3 66. Ke3 Nxa4 67. Kd3 g5 68. Kc4 g4 69. Kb4 b5 70.
Ka5 g3 71. Kxa6 g2 72. Kb7 g1=Q 73. Kxc6 Qc5+ 0-1

[Event "*** Titled Tuesday Blitz"]
[Site "Chess.com"]
[Date "2020.11.24"]
[Round "4"]
[White "Sanan_Sjugirov"]
[Black "DenisQ"]
[Result "1/2-1/2"]
[WhiteElo "2917"]
[BlackElo "2672"]
[TimeControl "180+1"]
[EndTime "10:56:27 PST"]
[Termination "Game drawn by repetition"]

1. e4 c6 2. d4 d5 3. e5 Bf5 4.
Nd2 e6 5. Nb3 c5 6. dxc5 Bxc5 7.
Bb5+ Nc6 8. a4 Bf8 9. Nd4 Ne7 10.
Bg5 Qc7 11. Bxe7 Bxe7 12. Nxf5 exf5 13. Nf3 Rd8 14. O-O O-O 15. Re1 Bc5 16. c3 a6 17.
Bxc6 bxc6 18. Qd3 Qa7 19. Re2 g6 20. b4 Be7 21. Nd4 Rc8 22. e6 c5 23. bxc5 Bxc5 24.
Rae1 Bxd4 25. cxd4 Rfe8 26. exf7+ Kxf7 27. Qf3 Qxd4 28. h3 Rxe2 29. Qxe2 Qe4 30. Qd2 Rc2 31. Qa5 Re2 32. Rxe2 Qxe2 33. Qxd5+ Kf6 34. Qd6+ Kf7 35. Qd7+ Kf6 36. Qd6+ Kf7 37. Qc7+ Kf6 38. Qb6+ Kg7 39. a5 g5 40. g3 Qe1+ 41. Kg2 Qe4+ 42. Kh2 Qe2 43.
Qc7+ Kf6 44. Qd6+ Kf7 45. Qd7+ Kf6 46. Qd4+ Kf7 47. Qd5+ Kf6 48. Qc5 h6 49. Qc6+ Kg7 50. Kg2 Qe4+ 51. Qxe4 fxe4 52. Kf1 Kf6 53. Ke2 Ke5 54.
Ke3 Kd5 55. h4 Ke5 56. hxg5 hxg5 57. f3 exf3 58. Kxf3 Kf5 59. g4+ Ke5 60. Ke3 Kd5 61. Kd3 Ke5 62. Ke3 Kd5 63. Kd3 Ke5 64. Ke3 1/2-1/2

[Event "*** Titled Tuesday Blitz"]
[Site "Chess.com"]
[Date "2020.11.24"]
[Round "4"]
[White "Bathory44"]
[Black "barriochess"]
[Result "1/2-1/2"]
[WhiteElo "2556"]
[BlackElo "2373"]
[TimeControl "180+1"]
[EndTime "10:56:27 PST"]
[Termination "Game drawn - insufficient material"]

1. e4 d6 2. d4 Nf6 3. Nc3 g6 4.
f4 Bg7 5. Bd3 O-O 6. e5 Nfd7 7.
h4 c5 8. e6 fxe6 9. h5 cxd4 10. Ne4 gxh5 11. Qxh5 h6 12. Nf3 Rf5 13. Qh3 Nc5 14.
Nxc5 Rxc5 15. f5 exf5 16. Bxh6 Qf8 17. Bd2 Qf7 18. Qh7+ Kf8 19. b4 Re5+ 20. Nxe5 dxe5 21. O-O e6 22. b5 Nd7 23. Bb4+ Ke8 24. Rae1 Nf6 25. Qh4 e4 26. Bxe4 fxe4 27. Rxe4 Qh5 28. Rxd4 Qxh4 29. Rxh4 Nd5 30. Bc5 b6 31. Bd4 Bxd4+ 32.
Rxd4 Bd7 33. c4 Ne7 34. g4 Ng6 35. Kg2 Ke7 36. Rh1 Rh8 37. Rxh8 Nxh8 38. Kg3 e5 39. Rd5 Ng6 40. c5 Be6 41. Rd2 bxc5 42. a4 c4 43. a5 Bc8 44. Rc2 Be6 45. b6 axb6 46. axb6 Kd7 47. b7 Kc7 48. Rb2 Kb8 49. Rb6 Nf8 50. g5 Bd5 51. g6 c3 52. g7 Nd7 53. Rd6 c2 54. Rxd5 Nf6 55. g8=Q+ Nxg8 56. Rc5 Kxb7 57. Rxc2 Nf6 58. Re2 Nd7 59. Kf3 Kc6 60. Ke3 Kd5 61. Rd2+ Ke6 62. Ra2 Nf6 63. Ra6+ Kf5 64.
Ra5 Ng4+ 65. Ke2 Nf6 66. Rxe5+ Kxe5 1/2-1/2

[Event "*** Titled Tuesday Blitz"]
[Site "Chess.com"]
[Date "2020.11.24"]
[Round "4"]
[White "Mambastik-Fantastic"]
[Black "vanyakuba"]
[Result "0-1"]
[WhiteElo "2296"]
[BlackElo "2478"]
[TimeControl "180+1"]
[EndTime "10:56:28 PST"]
[Termination "vanyakuba won on time"]

1. e4 d5 2. exd5 Qxd5 3. Nf3 Nf6 4. Be2 Bg4 5. d4 Nc6 6. h3 Bh5 7. O-O O-O-O 8. Be3 e6 9. c4 Qd7 10. Nc3 Bxf3 11. Bxf3 Nxd4 12. Bxd4 Qxd4 13. Qb3 Qb6 14. Qa4 Bc5 15. Rab1 Bd4 16. Nb5 a6 17. Nxd4 Rxd4 18. Qc2 Qc5 19. Rfc1 Rhd8 20. b4 Qf5 21. Qa4 Rd3 22.
b5 Rxf3 23. gxf3 Qxf3 24. bxa6 bxa6 25. Qxa6+ Kd7 26. Rb3 Qe4 27. Rd1+ Ke7 28. Rxd8 Kxd8 29. Rb8+ Ke7 30. Qa3+ Kd7 31. Qa4+ Ke7 32. Qa3+ Kd7 33.
Qe3 Qxc4 34. Rb2 Nd5 35. Qe5 f6 36. Qe2 Qf4 37. Rd2 c6 38. a3 g5 39. Qd3 f5 40.
a4 g4 41. hxg4 Qxg4+ 42. Qg3 Qxa4 43. Qg7+ Kd6 44. Qg3+ f4 45. Qf3 Qc4 46. Re2 Qd4 47. Kg2 Qf6 48. Re4 Qg5+ 49. Kf1 h5 50. Qe2 Qg4 51. Qxg4 hxg4 52. Kg2 e5 53. f3 Nf6 54.
Rc4 gxf3+ 55. Kxf3 Kd5 56. Rc1 Ke6 57. Rxc6+ Kf5 58.
Rc8 Ng4 0-1

[Event "*** Titled Tuesday Blitz"]
[Site "Chess.com"]
[Date "2020.11.24"]
[Round "4"]
[White "Chopper1905"]
[Black "Chess_Boxer123"]
[Result "1/2-1/2"]
[WhiteElo "2955"]
[BlackElo "2539"]
[TimeControl "180+1"]
[EndTime "10:56:31 PST"]
[Termination "Game drawn by repetition"]

1. e4 c5 2. Nf3 Nc6 3. d4 cxd4 4. Nxd4 Nf6 5. Nc3 e5 6. Ndb5 d6 7. Bg5 a6 8. Na3 b5 9. Nd5 Be7 10. Bxf6 Bxf6 11. c3 O-O 12. Nc2 Rb8 13. a4 bxa4 14. Ncb4 Bb7 15. Bc4 Nxb4 16. cxb4 Bxd5 17. Qxd5 Rxb4 18.
O-O Qb6 19. g3 Qc5 20. Qxc5 dxc5 21. Rfc1 a5 22. Bd5 Be7 23. Rc4 Rxc4 24. Bxc4 Rb8 25. Rxa4 Rb4 26. b3 Rxa4 27. bxa4 g6 28. h4 Kg7 29.
Kg2 f5 30. exf5 gxf5 31. Kh3 e4 32. Kg2 Kf6 33. f4 exf3+ 34. Kxf3 Ke5 35. Ke3 h6 36. Be2 Bd8 37. Kd3 Bc7 38. Bf3 Bd8 39. Kc4 f4 40. g4 Bxh4 41. Kxc5 Be1 42. Kc4 Kf6 43. Kd3 Kg5 44.
Ke4 Bb4 45. Ke5 Bd2 46. Kd4 Kh4 47. Ke4 Kg3 48. Bd1 Bb4 49. Bf3 Be7 50. Be2 Bg5 51.
Bf3 Kf2 52. Bd1 Ke1 53. Bf3 Kd2 54. Kd4 Bf6+ 55. Ke4 Bg5 56. Kd4 Bd8 57. Ke4 Bc7 58. Kd4 Ke1 59. Ke4 Kf2 60. Bd1 Kg3 61. Bf3 Bd8 62.
Bd1 Bg5 63. Be2 Kf2 64. Bd1 Ke1 65. Bf3 Kd2 1/2-1/2

[Event "*** Titled Tuesday Blitz"]
[Site "Chess.com"]
[Date "2020.11.24"]
[Round "4"]
[White "Trovita84"]
[Black "Sjakkerntobi"]
[Result "1/2-1/2"]
[WhiteElo "2006"]
[BlackElo "2364"]
[TimeControl "180+1"]
[EndTime "10:56:32 PST"]
[Termination "Game drawn by repetition"]

1. e4 e6 2. d4 d5 3. exd5 exd5 4. Nf3 Nf6 5. Bd3 c5 6. c3 Be7 7. O-O O-O 8. Bf4 Nc6 9. Re1 Bg4 10. dxc5 Bxc5 11.
Nbd2 Bb6 12. h3 Bh5 13. Qb3 Ne4 14. Bxe4 dxe4 15. Rxe4 Qf6 16. Qd5 Bg6 17. Ra4 Bc2 18. Bg5 Qg6 19. Rg4 Bf5 20. Rg3 Be6 21. Qe4 f5 22.
Qe2 Rae8 23. Nh4 Qf7 24. Bh6 g6 25. Bxf8 Qxf8 26. Qf3 Kh8 27. Rxg6 hxg6 28. Nxg6+ Kg7 29.
Nxf8 Rxf8 30. Re1 Bf7 31. Qxf5 Bg6 32. Qd7+ Rf7 33. Qg4 Bxf2+ 34. Kf1 Bxe1+ 35. Kxe1 Re7+ 36. Kd1 Ne5 37. Qd4 Kf6 38. Nf3 Bf5 39. g4 Rd7 40. Nxe5 Rxd4+ 41. cxd4 Be6 42. b3 Bd5 43. Kd2 Bg2 44. Ke3 Bxh3 45. Kf4 Bf1 46. g5+ Kg7 47. Nc4 b5 48. Nd6 a6 49. Ke5 Bg2 50. d5 Kg6 51.
Ne4 Bh3 52. d6 a5 53. Kd5 Bd7 54. Nc5 Be8 55. d7 Bxd7 56. Nxd7 Kxg5 57. Kc5 Kf5 58. Kxb5 Ke6 59. Kxa5 Kxd7 60. b4 Kc6 61. b5+ Kb7 62. a4 Ka7 63. b6+ Kb7 64. Kb5 Kb8 65. a5 Ka8 66. a6 Kb8 67. a7+ Kb7 68. Ka5 Ka8 69.
Kb5 Kb7 70. Kc5 Ka8 71. Kd6 Kb7 72. Kd7 Ka8 73. Kd6 Kb7 74. Kc5 Ka8 75. Kb5 Kb7 1/2-1/2

[Event "*** Titled Tuesday Blitz"]
[Site "Chess.com"]
[Date "2020.11.24"]
[Round "4"]
[White "Arseniy_Nesterov"]
[Black "hansen"]
[Result "1/2-1/2"]
[WhiteElo "2798"]
[BlackElo "2934"]
[TimeControl "180+1"]
[EndTime "10:56:33 PST"]
[Termination "Game drawn by repetition"]

1. d4 Nf6 2. c4 e6 3. Nf3 b6 4.
a3 Bb7 5. Nc3 d5 6. cxd5 Nxd5 7.
Qc2 Nd7 8. Nxd5 Bxd5 9. e4 Bb7 10.
Bg5 Qc8 11. Bc4 h6 12. Bh4 Bd6 13. O-O a6 14. e5 Be7 15. Bxe6 O-O 16. Bxe7 fxe6 17.
Bxf8 Nxf8 18. Nd2 Qd8 19. Qc3 Ng6 20. Qe3 Nh4 21. f3 Nf5 22. Qf2 Nxd4 23. Rad1 Nf5 24.
Ne4 Qe8 25. Ng3 Ne7 26. Qd4 Bd5 27. Qc3 c5 28. f4 g6 29. Qc2 Qc6 30. Rfe1 Rf8 31.
Rf1 h5 32. Rde1 Nf5 33. Nxf5 Rxf5 34. Re3 c4 35. Rg3 Kf7 36. Rg5 b5 37. Rxf5+ gxf5 38. Qe2 Kg6 39. Qf2 Kh7 40. h3 Qe8 41. Qg3 a5 42.
Rf2 b4 43. axb4 axb4 44. Qe3 Qc8 45. Qe2 Kh6 46. Qe1 Qc5 47. Kh2 Be4 48. Rd2 Bd3 49. Qh4 b3 50. Qg5+ Kh7 51. Qxh5+ Kg7 52. Qg5+ Kh7 53.
Qh5+ Kg7 54. Qg5+ Kh7 55. Qh4+ Kg7 56. Qg3+ Kh7 57. Rxd3 cxd3 58. Qxd3 Qb4 59. Qd7+ Kh8 60. Qd8+ Kh7 61. Qf6 Qxf4+ 62. Kh1 Qc1+ 63. Kh2 Qf4+ 64. Kg1 Qd4+ 65. Kh2 Qf4+ 1/2-1/2

[Event "*** Titled Tuesday Blitz"]
[Site "Chess.com"]
[Date "2020.11.24"]
[Round "4"]
[White "baki83"]
[Black "Jumbo"]
[Result "1-0"]
[WhiteElo "2744"]
[BlackElo "2842"]
[TimeControl "180+1"]
[EndTime "10:56:34 PST"]
[Termination "baki83 won by resignation"]

1. e4 c5 2. Nf3 d6 3. Bb5+ Bd7 4. Bxd7+ Nxd7 5. O-O Ngf6 6. Qe2 e6 7. d4 cxd4 8.
Nxd4 Be7 9. c4 O-O 10. b3 Qa5 11. Bb2 a6 12. Nc3 Rac8 13. Rfd1 Rfe8 14. Rac1 Bf8 15.
Qd2 Qh5 16. h3 Qg6 17. Re1 Nc5 18. Qe3 h5 19. Nf3 Ncd7 20. Rcd1 Rc7 21. Ba3 Rc6 22. Nd4 Rc7 23. Nf3 Rc6 24. Ne2 Rec8 25. Nf4 Qh6 26. Bc1 b5 27. Qe2 g5 28. Nd3 bxc4 29.
bxc4 Rxc4 30. Bxg5 Qg6 31. e5 Nd5 32. h4 Rc2 33.
Qf1 Nc3 34. Nf4 Qf5 35. Nxh5 Nxd1 36. Rxd1 R2c4 37. exd6 Rg4 38. Ng3 Qb5 39. Qe1 Rc2 40. Qe3 Qc4 41. Nf1 Qxa2 42. N1h2 Re2 43. Qa7 Rge4 44.
Qxd7 Rxf2 45. Kh1 Rxg2 46. Qd8 Ree2 47. Bf4 Rgf2 48. Rg1+ Rg2 49. d7 Rxg1+ 50. Nxg1 Qd5+ 51. Nhf3 Re4 52. Qc8 Rxf4 53. d8=Q Qxd8 54. Qxd8 Rf5 55. Qe8 a5 56. Qa8 Rd5 57. Kg2 Kg7 58. Nh3 Bb4 59.
Nf4 1-0

[Event "*** Titled Tuesday Blitz"]
[Site "Chess.com"]
[Date "2020.11.24"]
[Round "4"]
[White "The_Machine04"]
[Black "Revnov"]
[Result "1-0"]
[WhiteElo "2502"]
[BlackElo "2649"]
[TimeControl "180+1"]
[EndTime "10:56:34 PST"]
[Termination "The_Machine04 won by resignation"]

1. d4 e6 2. Nf3 d5 3. e3 Nf6 4.
Nbd2 c5 5. c3 b6 6. Bd3 Bb7 7. Ne5 Nc6 8. Qa4 Qc7 9. Bb5 Rc8 10.
Qxa7 Bd6 11. Bxc6+ Bxc6 12. Qxc7 Rxc7 13. Nxc6 Rxc6 14.
O-O Ke7 15. Re1 Ra8 16. a3 b5 17. dxc5 Bxc5 18. e4 Ra4 19. exd5 Nxd5 20. Nb3 Bb6 21. Bd2 f6 22. Rad1 h5 23. Bc1 Kf7 24. g3 h4 25. Kg2 g5 26. Re2 Rc8 27. Rde1 Rc6 28.
Re4 h3+ 29. Kf3 f5 30. Rxa4 bxa4 31. Nd2 g4+ 32. Ke2 Nf6 33. Rf1 e5 34. f3 Kg6 35.
fxg4 Nxg4 36. Nf3 Rc8 37. Nh4+ Kh7 38. Rxf5 Nxh2 39. Rh5+ Kg8 40. Nf5 Rf8 41. Bh6 Rf7 42.
Be3 Ng4 43. Bxb6 h2 44. Bc5 Rxf5 45. Rxh2 Nxh2 46. Bb4 Ng4 47. Kd3 e4+ 48. Kxe4 Rf2 49. Bc5 Rxb2 50. Kd5 Rb3 51. Kc4 Kf7 52. Bb4 Nf6 53.
Kb5 Ke6 54. Kxa4 Ne4 55. Kxb3 Nxg3 56. Kc4 Nf5 57. a4 Kd7 58. a5 Kc8 59. Kb5 Kb7 60. a6+ Ka8 61. Kb6 Ne3 62. Kb5 Nd5 63. c4 Ne3 64. c5 Nd5 65. c6 Nc7+ 66. Kb6 Ne6 67. Bd6 Nc7 68. Kxc7 1-0

[Event "*** Titled Tuesday Blitz"]
[Site "Chess.com"]
[Date "2020.11.24"]
[Round "4"]
[White "Firegrizzly"]
[Black "InitiatingASC"]
[Result "1-0"]
[WhiteElo "2609"]
[BlackElo "2444"]
[TimeControl "180+1"]
[EndTime "10:56:34 PST"]
[Termination "Firegrizzly won by resignation"]

1. d4 Nf6 2. Nf3 e6 3. Bg5 b6 4. e4 Be7 5. e5 Nd5 6. Bxe7 Nxe7 7. Nc3 Bb7 8. h4 Nd5 9. Ne2 Nc6 10. h5 b5 11. Qd2 Qe7 12. Ng3 a6 13. Be2 Nb6 14. c3 Na5 15. b3 Nc6 16. O-O d6 17. h6 g6 18. a4 bxa4 19. bxa4 Na5 20. Rab1 Bxf3 21.
Bxf3 Nac4 22. Qe2 d5 23. Qa2 Qa3 24. Qxa3 Nxa3 25. Ra1 Nac4 26. a5 Nd7 27. Be2 Nd2 28. Rfd1 Ne4 29. Nxe4 dxe4 30. Rab1 Ke7 31. Rb7 Rhc8 32. Rdb1 f5 33. exf6+ Nxf6 34. c4 Kd6 35. R7b2 Ng8 36. f3 e3 37. f4 Nxh6 38. Bf3 Ra7 39. c5+ Kd7 40. Rb8 Nf5 41. c6+ Kd8 42. d5 exd5 43.
Bxd5 Nd4 44. Kf1 Nb5 45. Rb7 Raa8 46. Be6 Rcb8 47. Rd1+ Ke7 48. Bg4 Rxb7 49. cxb7 Rb8 50. Bc8 Nd6 51. Rc1 Kd8 52. Ke2 Nxc8 53. bxc8=Q+ Kxc8 54. Kxe3 Rb5 55. Ke4 Rxa5 56. g4 Kb7 57. Rh1 h5 58. gxh5 gxh5 59. f5 Kc8 60. Rxh5 Kd8 61. Rh7 Ra1 62. Ke5 a5 63. f6 Rf1 64. Ke6 Re1+ 65.
Kd5 Rf1 66. Rh8+ Kd7 67. Rh7+ Kd8 68. Ke6 Re1+ 69. Kf5 Rf1+ 70. Kg6 a4 71. Rh8+ Kd7 72. f7 a3 73. f8=Q Rxf8 74. Rxf8 Kc6 75. Ra8 Kb5 76.
Rxa3 Kb4 77. Ra7 c5 78. Kf5 c4 79. Ke4 c3 80. Kd3 Kb3 81. Rb7+ 1-0

[Event "*** Titled Tuesday Blitz"]
[Site "Chess.com"]
[Date "2020.11.24"]
[Round "4"]
[White "Msb2"]
[Black "K_A_S_T_O_R"]
[Result "0-1"]
[WhiteElo "2909"]
[BlackElo "2805"]
[TimeControl "180+1"]
[EndTime "10:56:37 PST"]
[Termination "K_A_S_T_O_R won on time"]

1. d4 Nf6 2. Nc3 d6 3. Bf4 Nbd7 4. Nf3 c5 5. d5 b5 6. Nxb5 Rb8 7. e4 Rxb5 8. Bxb5 Qa5+ 9. Nd2 Qxb5 10. b3 Qb4 11.
Qf3 g6 12. O-O Nh5 13. c3 Qb8 14. Bg5 Bg7 15. Rfe1 Ne5 16. Qe2 h6 17. Bh4 Nf4 18. Qe3 g5 19. Bg3 Ned3 20. Red1 Ba6 21. Nc4 Bxc4 22.
bxc4 Ne5 23. Rab1 Qc7 24. Bxf4 gxf4 25. Qxf4 O-O 26. Qg3 Nxc4 27. f4 Rb8 28. h4 Rb6 29. Rb3 Qb7 30. Rdb1 Nd2 31. Rxb6 axb6 32. Re1 Qa6 33. e5 b5 34. e6 Qxa2 35. f5 Kf8 36. exf7 Qxd5 37. Qe3 Bf6 38. Qxh6+ Kxf7 39. Qg6+ Kf8 40.
Qh6+ Bg7 41. Qf4 Nc4 42. h5 Bxc3 43. f6 Qd4+ 44. Qxd4 Bxd4+ 45. Kh1 Bxf6 46. g4 Kg7 47. Kg2 Kh6 48. Rf1 Ne5 49. Kg3 b4 50. Ra1 b3 51.
Ra8 b2 52. Rb8 Nc4 53. Kf4 Be5+ 54. Kf5 Ne3+ 55. Ke6 Nxg4 56. Kf7 Kxh5 57. Ke6 Kg5 58. Kd5 Kf4 59. Kc4 Ne3+ 60. Kd3 c4+ 61. Ke2 Ke4 62. Kd2 d5 63. Ke2 c3 64. Rb4+ d4 65.
Ke1 Kd3 66. Kf2 c2 67. Rb3+ Ke4 0-1

[Event "*** Titled Tuesday Blitz"]
[Site "Chess.com"]
[Date "2020.11.24"]
[Round "4"]
[White "Malev212"]
[Black "Sharpchess22"]
[Result "0-1"]
[WhiteElo "2546"]
[BlackElo "2814"]
[TimeControl "180+1"]
[EndTime "10:56:37 PST"]
[Termination "Sharpchess22 won on time"]

1. e4 c6 2. d4 d5 3. exd5 cxd5 4. Bd3 Nc6 5. c3 Nf6 6. Bf4 Bg4 7. Qb3 Na5 8. Qa4+ Bd7 9. Qc2 e6 10. Nd2 Rc8 11.
Ngf3 Be7 12. O-O O-O 13. Rfe1 b5 14. a3 Nc4 15. Ne5 Be8 16. Ndf3 a5 17. Qe2 Qb6 18. Rac1 Qb7 19. h4 h6 20. g4 Ne4 21. g5 h5 22. Nxc4 bxc4 23. Bb1 g6 24. Ne5 Nd6 25. Nxg6 fxg6 26. Qxe6+ Bf7 27. Qxe7 Qxe7 28. Rxe7 Rc6 29.
Rce1 Rd8 30. Bc2 Rb6 31. R1e2 Kf8 32. Bxd6 Rdxd6 33. Ra7 Re6 34. Rxe6 Rxe6 35. Kf1 Rb6 36. Rxa5 Rxb2 37. Ba4 Be6 38. Ra7 Bg4 39. Ke1 Re2+ 40.
Kf1 Ra2 41. f4 Rxa3 42. Ra8+ Ke7 43. Bc6 Rxc3 44. Bxd5 Rc1+ 45. Kf2 c3 46. Ra7+ Kd6 47. Be4 Rd1 48. Ra6+ Kd7 49. Bxg6 Rxd4 50. Ke3 Rd1 51. Ra5 Rh1 52. Ra3 Rh3+ 53. Kd4 Rxh4 54. Rxc3 Be6 55.
Ke5 Rh1 56. f5 Ba2 57. Kf6 h4 58. Rd3+ Kc6 59. Kg7 h3 60. f6 h2 61. Rc3+ Kd6 62.
Rh3 Be6 63. Rh4 Rg1 64. f7 Rxg5 0-1

[Event "*** Titled Tuesday Blitz"]
[Site "Chess.com"]
[Date "2020.11.24"]
[Round "4"]
[White "Sviridov_Valery"]
[Black "mbojan"]
[Result "1/2-1/2"]
[WhiteElo "2827"]
[BlackElo "2701"]
[TimeControl "180+1"]
[EndTime "10:56:38 PST"]
[Termination "Game drawn by repetition"]

1. Nf3 g6 2. g3 Bg7 3. Bg2 Nf6 4. O-O O-O 5. c4 d5 6. cxd5 Nxd5 7. Nc3 Nb6 8. d4 Nc6 9. Qc2 Re8 10. Rd1 Bf5 11. Qb3 Na5 12. Qb5 Nac4 13. e4 Bg4 14. b3 Nd6 15.
Qd3 Nd7 16. e5 Nf5 17. Qe4 Bxf3 18. Bxf3 c6 19. Bg5 h6 20. Bf4 e6 21. h4 Nb6 22.
Qd3 Nd5 23. Nxd5 cxd5 24. Rac1 Qd7 25. h5 g5 26. Bd2 Rec8 27. Bg4 Bf8 28. f4 gxf4 29.
gxf4 Kh8 30. Bxf5 exf5 31. Kf2 Be7 32. Rxc8+ Rxc8 33. Rg1 Rg8 34. Rxg8+ Kxg8 35. Ke2 a6 36. a4 Kg7 37. Qg3+ Kh7 38. Qc3 Qc6 39. Qd3 Qc8 40.
Qc3 Qxc3 41. Bxc3 Kg7 42. Ba5 Kf8 43. Bb6 Ke8 44. Kd3 Bb4 45. Bc5 Be1 46. Ke2 Bg3 47. Kf3 Bh4 48. Bd6 Bd8 49. Bc5 Bc7 50. Bb4 Bb6 51.
Bc5 Ba5 52. Ke3 Be1 53. Bb6 Bh4 54. Bc7 Be7 55. Bb6 Bh4 56. Ba5 Be7 57. Bd2 Kd7 58.
Kd3 Ke6 59. Be3 Kd7 60. Bf2 Ke8 61. Kc3 b5 62. Kd3 b4 63. Be1 a5 64. Ke2 Kd7 65. Kf3 Ke6 66. Bf2 Bd8 67. Bg3 Bb6 68. Bf2 Bd8 69. Be3 Be7 70. Bd2 Bf8 71. Be3 Bg7 72. Bd2 Bf8 73. Be3 Be7 74. Bf2 Bd8 1/2-1/2

[Event "*** Titled Tuesday Blitz"]
[Site "Chess.com"]
[Date "2020.11.24"]
[Round "4"]
[White "SamuelGhimpu2003"]
[Black "MrTattaglia"]
[Result "0-1"]
[WhiteElo "2628"]
[BlackElo "2827"]
[TimeControl "180+1"]
[EndTime "10:56:39 PST"]
[Termination "MrTattaglia won by resignation"]

1. d4 Nf6 2. Nc3 d5 3. Bf4 a6 4. e3 c5 5. dxc5 e6 6. Na4 Bxc5 7. Nxc5 Qa5+ 8. c3 Qxc5 9. Nf3 Qe7 10. Bd3 Nc6 11.
Ne5 O-O 12. O-O h6 13. Bc2 Nxe5 14. Bxe5 Rd8 15. Qd4 Bd7 16. Qh4 Bc6 17. g4 Rd7 18. g5 Ne4 19. Bxe4 dxe4 20. Bf6 hxg5 21. Bxe7 gxh4 22. Bxh4 Bb5 23. Rfd1 Bd3 24. Rd2 b5 25. Rad1 Rc8 26. f3 Rd5 27. fxe4 Bxe4 28. Rxd5 Bxd5 29. a3 f6 30. Rd4 g5 31. Bg3 Kf7 32. Kf2 a5 33. a4 Rc5 34. e4 Bb3 35. Bd6 Rc6 36.
axb5 Rb6 37. c4 e5 38. Bc5 Rb7 39. Rd6 Bxc4 40. b6 Bb5 41. Ke3 Kg6 42. Rd8 Rh7 43. Rb8 Bc6 44. Rc8 Rh3+ 45. Kd2 Bxe4 46. Rc7 Rb3 47. Kc1 g4 48. Rc8 Bf3 49. Rf8 a4 50. Kc2 Be4+ 51. Kc1 Bg2 52. Kc2 Bd5 53. Kc1 Be4 54. Re8 Rb5 55. Be3 f5 56. Rc8 f4 57.
Bc5 Kf5 58. Rf8+ Kg6 59. Bf2 Bd5 60. Rc8 Kf5 61. Kc2 e4 62. Bd4 e3 63. Kd3 Rb3+ 64. Ke2 Ke4 65. Ke1 Kxd4 0-1